 Dungeon Crawl Stone Soup version 0.22-a0-78-g0f8607c (webtiles) character file.

163 shenanigans the Skirmisher (level 5, -5/42 HPs)
             Began as a Barachi Warper on Jan 16, 2018.
             Was an Initiate of Makhleb.
             Killed by nerve-wracking pain
             ... invoked by Grinder
              (12 damage)
             ... on level 3 of the Dungeon.
             The game lasted 00:05:33 (3239 turns).

shenanigans the Skirmisher (Barachi Warper)         Turns: 3239, Time: 00:05:34

Health: -5/42      AC: 10    Str: 11 (12) XL:     5   Next: 44%
Magic:  8/8        EV:  6    Int: 13 (14) God:    Makhleb [......]
Gold:   55         SH:  0    Dex:  9 (12) Spells: 8/8 levels left

rFire    . . .     SeeInvis .   e - +0 war axe
rCold    . . .     Gourm    .   (no shield)
rNeg     . . .     Faith    .   o - +0 chain mail
rPois    .         Spirit   .   (no helmet)
rElec    .         Reflect  .   (no cloak)
rCorr    .         Harm     .   (no gloves)
MR       .....                  j - +0 pair of boots
Stlth    ..........             (no amulet)
HPRegen  0.14/turn              (no ring)
MPRegen  0.11/turn              (no ring)

@: very slightly contaminated, hasted, invisible (expiring), quick
A: +LOS, swims, slowness 1, strong legs 1
a: Hop, Renounce Religion


You were on level 3 of the Dungeon.
You worshipped Makhleb.
Makhleb was noncommittal.
You were hungry.

You visited 1 branch of the dungeon, and saw 3 of its levels.

You collected 55 gold pieces.

Inventory:

Hand Weapons
 a - a +0 hand axe
 e - a +0 war axe (weapon)
Armour
 b - a +0 leather armour
 h - a +0 ring mail
 j - a +0 pair of boots (worn)
 o - a +0 chain mail (worn)
Wands
 p - a wand of random effects (33)
Scrolls
 d - a scroll of blinking
 g - a scroll of amnesia
 m - a scroll of enchant weapon {unknown}
 n - a scroll of teleportation {unknown}
Potions
 k - 2 potions of brilliance
Books
 c - a book of Spatial Translocations

   Spells                             Type                      Level
   a - Blink                          Translocation                2
   b - Shroud of Golubria             Charms/Translocation         2
   c - Lesser Beckoning               Translocation                3
   d - Gell's Gravitas                Translocation                3
   e - Teleport Other                 Translocation                3
   f - Passage of Golubria            Translocation                4
Comestibles
 f - 3 rations


   Skills:
 + Level 3.8 Fighting
 + Level 3.6 Axes
 - Level 1.0 Throwing
 + Level 3.1 Armour
 + Level 3.5 Dodging
 - Level 2.1 Spellcasting
   Level 3.2 Translocations


You had 8 spell levels left.
You didn't know any spells.

Dungeon Overview and Level Annotations

Branches:
Dungeon (3/15)

Altars:
Makhleb
Trog

Annotations:
D:3 Grinder, Terence


Innate Abilities, Weirdness & Mutations

Shadows flee at your approach. (+LOS)
You can swim through water.
You cover ground slowly.
You can hop short distances.


Message History

You hit Grinder.
Grinder is severely wounded.
Grinder hits you!
* * * LOW HITPOINT WARNING * * *
You writhe in agony.
* * * LOW HITPOINT WARNING * * *
Your chain mail prevents you from hitting Grinder.
Grinder is severely wounded.
Grinder gestures at you.
You barely resist. You hit Grinder.
Grinder is almost dead.
Your chain mail prevents you from hitting Grinder.
Grinder is almost dead.
Grinder barely misses you.
You closely miss Grinder.
Grinder is almost dead.
Grinder gestures at you. Pain shoots through your body!
You die...

.#...#...#...#...#..#
.÷..................##
)####################.
.##.# #.# #..# .# ....#
#.# ###..# .# ###.###
#.# #....# .# ..†...#
#.# #(##.# .#
#####.###.###.##.###.#.#
#.##...#...5@.....#
#####.#.......########.#
..............#
..............(..
...#................#
..#.#
....##............##..
.#.#
....#.#..........#.#..
...#
.....#.##......##.#....
... ......# .#....#.
#... . ..#


You could see Grinder.

Vanquished Creatures
  A bullfrog (D:3)
  Natasha (D:3)
  A gnoll (D:1)
  An ooze (D:1)
  2 worms (D:2)
  A dart slug (D:3)
  2 leopard geckos
  2 orcs (D:3)
  2 bats
  2 giant cockroaches
  4 goblins
  10 hobgoblins
  2 jackals (D:2)
  A ball python (D:3)
  3 frilled lizards (D:1)
  9 kobolds
  8 rats
52 creatures vanquished.

Notes
Turn   | Place    | Note
-------+----------+-------------------------------------------
     0 | D:1      | shenanigans the Barachi Warper began the quest for the Orb.
     0 | D:1      | Reached XP level 1. HP: 17/17 MP: 3/3
   209 | D:1      | Reached XP level 2. HP: 6/23 MP: 5/5
  1142 | D:2      | Reached XP level 3. HP: 20/28 MP: 6/6
  2273 | D:2      | Reached XP level 4. HP: 21/35 MP: 7/7
  2775 | D:3      | Found a bloodstained altar of Trog.
  2813 | D:3      | Noticed Grinder
  2814 | D:3      | Noticed Terence
  2980 | D:3      | Noticed a bullfrog
  2994 | D:3      | Killed a bullfrog
  2994 | D:3      | Reached XP level 5. HP: 20/42 MP: 8/8
  3154 | D:3      | Found a burning altar of Makhleb.
  3163 | D:3      | Became a worshipper of Makhleb the Destroyer
  3207 | D:3      | Noticed Natasha
  3215 | D:3      | Killed Natasha
  3239 | D:3      | Killed from afar by Grinder

Vault maps used:
D:1:      minmay_arrival_stone_box
D:3:      lemuel_coloured_pillars_altar, overflow_temple_1_default,
          minmay_misc_feat_secret_circle, uniq_terence, uniq_natasha,
          uniq_grinder

Skill      XL: |  1  2  3  4  5 |
---------------+----------------+-----
Armour         | 2 3 |  3.1
Fighting       | 3 |  3.8
Axes           | 3 |  3.6
Dodging        | 3 |  3.5
Throwing       | |  1.0
Spellcasting   | |  2.1
Translocations | |  3.2

Action                   |  1- 3 |  4- 6 || total
-------------------------+-------+-------++-------
Melee: Hand axe          |   174 |     5 ||   179
       War axe           |       |    56 ||    56
Throw: Tomahawk          |     4 |     1 ||     5
 Abil: Hop               |     1 |     1 ||     2
  Use: Scroll            |       |     4 ||     4
       Potion            |       |     3 ||     3
  Eat: Chunk             |     3 |     1 ||     4
       Ration            |       |     1 ||     1
Armor: Leather armour    |    22 |       ||    22
       Chain mail        |       |    43 ||    43
Dodge: Dodged            |   114 |    19 ||   133

Table legend:
 A = Spawn XP
 B = Non-spawn XP
 C = Spawn XP percentage of total XP
 D = Spawn monster count
 E = Non-spawn monster count
 F = Spawn count percentage of total count
 G = Total turns spent on level
                    A         B        C        D         E        F      G
               +---------+---------+-------+---------+---------+-------+---------
         Total |       0 |     234 |   0.0 |       0 |      52 |   0.0 |  3239
               +---------+---------+-------+---------+---------+-------+---------
           D:1 |       0 |      42 |   0.0 |       0 |      17 |   0.0 |  1462
           D:2 |       0 |      43 |   0.0 |       0 |      21 |   0.0 |  1266
           D:3 |       0 |     149 |   0.0 |       0 |      14 |   0.0 |   511
               +---------+---------+-------+---------+---------+-------+---------
